 Dungeon Crawl Stone Soup version 0.21.0-37-g46506fa (webtiles) character file.

18 tidbits the Grave Robber (level 2, -1/20 HPs)
             Began as a Gnoll Necromancer on Feb 1, 2018.
             Slain by a dart slug (2 damage)
             ... on level 3 of the Dungeon.
             The game lasted 00:02:59 (278 turns).

tidbits the Grave Robber (Gnoll Necromancer)         Turns: 278, Time: 00:03:00

Health: -1/20      AC:  2    Str: 10    XL:     2   Next: 66%
Magic:  2/7        EV: 14    Int: 17    God:
Gold:   50         SH:  0    Dex: 15    Spells: 8/10 levels left

rFire    . . .     SeeInvis .   h - +0 dagger
rCold    . . .     Gourm    .   (no shield)
rNeg     . . .     Faith    .   a - +0 robe
rPois    .         Spirit   .   (no helmet)
rElec    .         Reflect  .   (no cloak)
rCorr    .         Harm     .   (no gloves)
MR       .....                  (no boots)
Stlth    +++.......             (no amulet)
HPRegen  0.06/turn              (no ring)
MPRegen  0.10/turn              (no ring)

@: no status effects
A: distributed training, fangs 1, strong nose
a: no special abilities


You were on level 3 of the Dungeon.
You were full.

You visited 1 branch of the dungeon, and saw 3 of its levels.

You collected 50 gold pieces.

Inventory:

Hand Weapons
 f - a +0 short sword
 h - a +0 dagger (weapon)
Missiles
 g - 5 stones (quivered)
Armour
 a - a +0 robe (worn)
Scrolls
 e - a scroll of identify {unknown}
 j - a scroll of noise {unknown}
Potions
 d - a potion of degeneration {unknown}
 i - 2 potions of agility {unknown}
Books
 b - a book of Necromancy

   Spells                             Type                      Level
   a - Pain                           Necromancy                   1
   b - Animate Skeleton               Necromancy                   1
   c - Vampiric Draining              Necromancy                   3
   d - Regeneration                   Charms/Necromancy            3
   e - Animate Dead                   Necromancy                   4
   f - Borgnjor's Vile Clutch         Necromancy/Earth             5
Comestibles
 c - a ration


   Skills:
 + Level 0.5 Fighting
 + Level 0.5 Short Blades
 + Level 0.5 Long Blades
 + Level 0.5 Axes
 + Level 0.5 Maces & Flails
 + Level 0.5 Polearms
 + Level 0.5 Staves
 + Level 0.5 Slings
 + Level 0.5 Bows
 + Level 0.5 Crossbows
 + Level 0.5 Throwing
 + Level 0.5 Armour
 + Level 4.5 Dodging
 + Level 4.1 Stealth
 + Level 0.5 Shields
 + Level 0.5 Unarmed Combat
 + Level 4.9 Spellcasting
 + Level 0.3 Conjurations
 + Level 0.3 Hexes
 + Level 0.3 Charms
 + Level 0.3 Summonings
 + Level 7.0 Necromancy
 + Level 0.3 Translocations
 + Level 0.3 Transmutations
 + Level 0.3 Fire Magic
 + Level 0.3 Ice Magic
 + Level 0.3 Air Magic
 + Level 0.3 Earth Magic
 + Level 0.3 Poison Magic
 + Level 0.6 Invocations
 + Level 0.5 Evocations


You had 8 spell levels left.
You knew the following spells:

 Your Spells              Type           Power        Failure   Level  Hunger
a - Pain                  Necr           ####         1%          1    None
n - Animate Skeleton      Necr           N/A          1%          1    None


Dungeon Overview and Level Annotations

Branches:
Dungeon (3/15)

Altars:


Innate Abilities, Weirdness & Mutations

Your experience applies equally to all skills.
You have very sharp teeth.
Your uncanny sense of smell can sniff out nearby items.


Message History

You see here a stone.
Casting: Pain
Confirm with . or Enter, or press ? or * to list all spells.
Aiming: Pain
Press: ? - help, Shift-Dir - straight line, f - kobold
Aim: a kobold, wielding a short sword (chance to defeat MR: 93%)
The kobold writhes in agony!
Casting: Pain
Confirm with . or Enter, or press ? or * to list all spells.
Aiming: Pain
Press: ? - help, Shift-Dir - straight line, f/p - kobold
Aim: a kobold, wielding a short sword (moderately wounded, chance to defeat MR: 93%)
The kobold writhes in agony!
You kill the kobold!
A kobold comes into view. It is wielding a dagger.
Things that are here:
a short sword; 4 stones
f - a short sword;
g - 4 stones You see here a stone.
g - 5 stones (gained 1)
Casting: Pain
Confirm with . or Enter, or press ? or * to list all spells.
Aiming: Pain
Press: ? - help, Shift-Dir - straight line, f - kobold
Aim: a kobold, wielding a dagger (chance to defeat MR: 93%)
The kobold writhes in agony!
You kill the kobold!
Things that are here:
a dagger; a kobold corpse
h - a dagger Wield which item (- for none, * to show all)? (? for menu, Esc to quit)
h - a +0 dagger (weapon)
Things that are here:
a club; a hobgoblin corpse You see here 13 gold pieces.
You now have 37 gold pieces (gained 13).
Found a stone staircase leading down.
Found 2 gold pieces.
There is a stone staircase leading down here.
You climb downwards.
An adder comes into view.
There is a stone staircase leading up here.
Unknown command.
Found 13 gold pieces and 2 coppery potions.
You see here 13 gold pieces.
You now have 50 gold pieces (gained 13).
You see here 2 coppery potions.
Unknown command.
i - 2 coppery potions A dart slug comes into view.
Found a robe.
Found a scroll labeled TAEFAC URPHUHED.
A dart slug comes into view.
Found 31 arrows.
Unknown command.
The dart slug launches a dart at you. The slug dart hits you!
* * * LOW HITPOINT WARNING * * *
Found a ration.
Unknown command.
Casting: Pain
Confirm with . or Enter, or press ? or * to list all spells.
Aiming: Pain
Press: ? - help, Shift-Dir - straight line, f - dart slug
Aim: a dart slug (clinging, chance to defeat MR: 93%)
The dart slug writhes in agony!
The dart slug bites you.
* * * LOW HITPOINT WARNING * * *
Casting: Pain
Confirm with . or Enter, or press ? or * to list all spells.
Aiming: Pain
Press: ? - help, Shift-Dir - straight line, f/p - dart slug
Aim: a dart slug (heavily wounded, clinging, chance to defeat MR: 93%)
The dart slug barely resists.
Casting: Pain
Confirm with . or Enter, or press ? or * to list all spells.
Aiming: Pain
Press: ? - help, Shift-Dir - straight line, f/p - dart slug
Aim: a dart slug (heavily wounded, clinging, chance to defeat MR: 93%)
The dart slug writhes in agony!
You kill the dart slug!
You see here a scroll labeled TAEFAC URPHUHED.
j - a scroll labeled TAEFAC URPHUHED
Found a stone staircase leading up.
Unknown command.
Casting: Pain
Confirm with . or Enter, or press ? or * to list all spells.
You can't see any susceptible monsters within range! (Use Z to cast anyway.)
Casting: Pain
Confirm with . or Enter, or press ? or * to list all spells.
Aiming: Pain
Press: ? - help, Shift-Dir - straight line, f - dart slug
Aim: a dart slug (clinging, chance to defeat MR: 93%)
The dart slug writhes in agony!
Casting: Pain
Confirm with . or Enter, or press ? or * to list all spells.
Aiming: Pain
Press: ? - help, Shift-Dir - straight line, f/p - dart slug
Aim: a dart slug (moderately wounded, clinging, chance to defeat MR: 93%)
The dart slug writhes in agony!
The dart slug bites you.
You die...

..#####...#...##
##.#.....##
#.######........####
[...................
#.#######.......###
##.....###
###..w....##
#≈≈.≈≈##w..#
.≈≈≈≈≈≈≈@##.#
≈≈≈≈≈≈≈≈≈≈≈#...
≈#≈≈≈..≈≈≈#≈#..#
≈≈#...≈≈#≈#.#.#
≈#≈≈(.≈≈ ≈ ≈#.#
≈≈≈.≈≈≈ ≈≈ ≈ #
≈≈%..≈≈ ≈≈ . #≈.<.≈#
≈≈≈ .#


You could see a dart slug.

Vanquished Creatures
  A dart slug (D:3)
  3 goblins (D:1)
  A hobgoblin (D:2)
  4 kobolds
  A bat (D:1)
  3 frilled lizards (D:1)
  4 rats
17 creatures vanquished.

Notes
Turn   | Place    | Note
-------+----------+-------------------------------------------
     0 | D:1      | tidbits the Gnoll Necromancer began the quest for the Orb.
     0 | D:1      | Reached XP level 1. HP: 13/13 MP: 6/6
   113 | D:1      | Reached XP level 2. HP: 3/19 MP: 0/7
   116 | D:1      | Learned a level 1 spell: Animate Skeleton
   265 | D:3      | HP: 2/20 [dart slug/slug dart (2)]
   278 | D:3      | Slain by a dart slug

Action                   || total
-------------------------++-------
 Cast: Pain              ||    26
  Eat: Ration            ||     1
Armor: Robe              ||     1
Dodge: Dodged            ||     2

Table legend:
 A = Turns spent in this place as a percentage of turns spent in the entire game.
 B = Non-inter-level travel turns spent in this place as a percentage of non-inter-level travel turns spent in the entire game.
 C = Inter-level travel turns spent in this place as a percentage of turns spent in this place.
 D = Turns resting spent in this place as a percentage of non-inter-level travel turns spent in this place.
 E = Turns spent auto-exploring this place as a percentage of non-inter-level travel turns spent in this place.
 F = Non-inter-level travel turns spent in this place divided by the number of levels of this place that you've seen.
                   A       B       C       D       E      F
               +-------+-------+-------+-------+-------+----------------------
         Total | 100.0 | 100.0 |   0.0 |   0.0 |   0.0 |  92.7
       Dungeon | 100.0 | 100.0 |   0.0 |   0.0 |   0.0 |  92.7
               +-------+-------+-------+-------+-------+----------------------

Table legend:
 A = Kills in this place as a percentage of kills in entire the game.
 B = Kills by you in this place as a percentage of kills by you in the entire game.
 C = Kills by friends in this place as a percentage of kills by friends in the entire game.
 D = Other kills in this place as a percentage of other kills in the entire game.
 E = Experience gained in this place as a percentage of experience gained in the entire game.
 F = Experience gained in this place divided by the number of levels of this place that you have seen.
                   A       B       C       D       E      F
               +-------+-------+-------+-------+-------+----------------------
         Total | 100.0 | 100.0 |   N/A |   N/A | 100.0 |   8.7
       Dungeon | 100.0 | 100.0 |   N/A |   N/A | 100.0 |   8.7
               +-------+-------+-------+-------+-------+----------------------

Vault maps used:
D:1:      evilmike_arrival_rings
D:2:      minivault_14
D:3:      kennysheep_slugbush, grunt_dithmenos_smoke
